 Dungeon Crawl Stone Soup version 0.21-a0-442-g848f44b (webtiles) character file.

123 Gildeon the Chopper (level 4, -1/39 HPs)
             Began as a Minotaur Fighter on Nov 14, 2017.
             Was a Follower of Vehumet.
             Killed by divine providence
             ... invoked by an orc priest
              (11 damage)
             ... on level 4 of the Dungeon.
             The game lasted 00:12:59 (2002 turns).

Gildeon the Chopper (Minotaur Fighter)              Turns: 2002, Time: 00:13:00

Health: -1/39      AC:  6    Str: 21    XL:     4   Next: 79%
Magic:  3/3        EV:  9    Int:  5    God:    Vehumet [*.....]
Gold:   128        SH:  9    Dex: 10    Spells: 2/3 levels left

rFire    + . .     SeeInvis .   a - +1 war axe
rCold    . . .     Gourm    +   c - +0 shield
rNeg     . . .     Faith    .   o - +0 scale mail {rF+}
rPois    .         Spirit   .   (helmet restricted)
rElec    .         Reflect  .   (no cloak)
rCorr    .         Harm     .   (no gloves)
MR       .....                  (no boots)
Stlth    ..........             e - amulet of the gourmand
HPRegen  0.13/turn              g - +2 ring of evasion
MPRegen  0.08/turn              (no ring)

@: no status effects
A: retaliatory headbutt, horns 2
a: Renounce Religion


You were on level 4 of the Dungeon.
You worshipped Vehumet.
Vehumet was aware of your devotion.
You were completely stuffed.

You visited 1 branch of the dungeon, and saw 4 of its levels.

You collected 128 gold pieces.

Inventory:

Hand Weapons
 a - a +1 war axe (weapon)
Armour
 c - a +0 shield (worn)
 o - a +0 scale mail of fire resistance (worn)
Jewellery
 e - an amulet of the gourmand (around neck)
 g - a +2 ring of evasion (left hand)
 j - an uncursed amulet of guardian spirit
Scrolls
 l - 2 scrolls of teleportation
Potions
 b - a potion of lignification {unknown}
 d - a potion of might
 h - a potion of brilliance
 k - 2 potions of curing
Comestibles
 f - 4 bread rations
 i - 5 chunks of flesh
 m - a royal jelly
 n - a meat ration


   Skills:
 - Level 3.6 Fighting
 - Level 6.0 Axes
 - Level 3.6 Armour
 + Level 1.0 Dodging
 - Level 3.6 Shields


You had 2 spell levels left.
You knew the following spells:

 Your Spells              Type           Power        Failure   Level  Hunger
a - Freeze                Ice            #...         99%         1    ##.....


Dungeon Overview and Level Annotations

Branches:
Dungeon (4/15)
 Temple: D:4-7

Altars:
Cheibriados
Okawaru
Uskayaw
Vehumet


Innate Abilities, Weirdness & Mutations

You reflexively headbutt those who attack you in melee.
You have a pair of horns on your head.


Message History

Beogh smites you!
The quokka bites you but does no damage.
You miss the quokka.
The quokka bites you but does no damage.
You slash the orc!
You kill the orc!
Vehumet accepts your kill.
Your Dodging skill increases to level 1!
The orc priest calls down the wrath of Beogh upon you.
Beogh smites you! You block the quokka's attack.
You hit the quokka.
The quokka is almost dead.
The quokka bites you.
The orc priest mumbles some strange prayers to Beogh against you.
Beogh smites you!
* * * LOW HITPOINT WARNING * * *
You feel better. You block the quokka's attack.
The orc priest mumbles some strange prayers to Beogh against you.
Beogh smites you!
You die...

# ###.### . ......#..
#.......##
#(##.#...#<.
....o.o...#
#......o.# #o# #.#
#r# #.# #@# #.###
##'## # ....# ##...##
#.###.#.###.....##
#.#.#.#.##...(...#
#.....#.#.........#
#.......'...........
#...<.#.#............
#.......##.......####


You could see 2 orc priests, an orc and a quokka.

Vanquished Creatures
  5 adders
  2 dart slugs (D:1)
  4 leopard geckos
  2 orcs
  A ball python (D:1)
  6 bats
  3 giant cockroaches
  5 goblins
  7 hobgoblins
  3 jackals (D:1)
  7 frilled lizards
  13 kobolds
  6 rats
64 creatures vanquished.

Notes
Turn   | Place    | Note
-------+----------+-------------------------------------------
     0 | D:1      | Gildeon the Minotaur Fighter began the quest for the Orb.
     0 | D:1      | Reached XP level 1. HP: 19/19 MP: 0/0
    66 | D:1      | Reached skill level 3 in Axes
   117 | D:1      | Reached XP level 2. HP: 26/26 MP: 1/1
   282 | D:1      | Reached skill level 4 in Axes
   382 | D:1      | Reached XP level 3. HP: 31/31 MP: 2/2
   817 | D:2      | Found a radiant altar of Vehumet.
   824 | D:2      | Became a worshipper of Vehumet
   928 | D:2      | Found a hide-covered altar of Uskayaw.
  1070 | D:2      | Reached skill level 5 in Axes
  1237 | D:2      | Reached XP level 4. HP: 39/39 MP: 3/3
  1507 | D:3      | Found a snail-covered altar of Cheibriados.
  1645 | D:3      | Reached * piety under Vehumet
  1645 | D:3      | Offered knowledge of Freeze by Vehumet.
  1652 | D:3      | Learned a level 1 spell: Freeze
  1789 | D:3      | Reached skill level 6 in Axes
  1851 | D:3      | Found an iron altar of Okawaru.
  1999 | D:4      | Reached skill level 1 in Dodging
  2002 | D:4      | Killed from afar by an orc priest

Vault maps used:
D:1:      shiori_arrival_oz
D:2:      lemuel_doored_altar, vehumet_crystals
D:3:      kennysheep_okawaru_gauntlet, cheibriados_altar_1, dk_noncrumbling_4
D:4:      first_bread, serial_shops, shop

Skill      XL: |  1  2  3  4 |
---------------+-------------+-----
Axes           | 3 4 5 6 |  6.0
Dodging        | 1 |  1.0
Fighting       | |  3.6
Armour         | |  3.6
Shields        | |  3.6

Action                   |  1- 3 |  4- 6 || total
-------------------------+-------+-------++-------
Melee: War axe           |    97 |    44 ||   141
       Headbutt          |    13 |     6 ||    19
  Use: Scroll            |     6 |     3 ||     9
       Potion            |       |     1 ||     1
  Eat: Chunk             |    21 |     3 ||    24
Armor: Scale mail        |    44 |    20 ||    64
Dodge: Dodged            |    27 |    19 ||    46
Block: Shield            |    50 |    26 ||    76

Table legend:
 A = Spawn XP
 B = Non-spawn XP
 C = Spawn XP percentage of total XP
 D = Spawn monster count
 E = Non-spawn monster count
 F = Spawn count percentage of total count
 G = Total turns spent on level
                    A         B        C        D         E        F      G
               +---------+---------+-------+---------+---------+-------+---------
         Total |       0 |     176 |   0.0 |       0 |      64 |   0.0 |  2002
               +---------+---------+-------+---------+---------+-------+---------
           D:1 |       0 |      61 |   0.0 |       0 |      34 |   0.0 |   817
           D:2 |       0 |      50 |   0.0 |       0 |      15 |   0.0 |   660
           D:3 |       0 |      62 |   0.0 |       0 |      14 |   0.0 |   503
           D:4 |       0 |       3 |   0.0 |       0 |       1 |   0.0 |    22
               +---------+---------+-------+---------+---------+-------+---------
